 Dungeon Crawl Stone Soup version 0.29-a0-529-gfa20dd96a1 (webtiles) character file.

Game seed: 10764614654600971456

29 testman the Cudgeller (level 3, 0/27 HPs)
             Began as a Human Wanderer on June 1, 2022.
             Was a Believer of Lugonu.
             Succumbed to an adder's poison
             ... on level 1 of the Dungeon.
             The game lasted 00:04:06 (1339 turns).

testman the Cudgeller (Human Wanderer)              Turns: 1339, Time: 00:04:07

Health: 0/27       AC:  3    Str:  9 (12) XL:     3   Next: 32%
Magic:  4/4        EV: 11    Int: 12 (14) God:    Lugonu [**....]
Gold:   88         SH:  0    Dex:  9 (12) Spells: 0/4 levels left

rFire   . . .      SeeInvis .   a - +2 mace
rCold   . . .      Faith    .   (no shield)
rNeg    . . .      Spirit   .   d - +0 robe
rPois   .          Reflect  .   (no helmet)
rElec   .          Harm     .   (no cloak)
rCorr   .          Rampage  .   b - +0 pair of gloves
Will    .....                   (no boots)
Stlth   +.........              (no amulet)
HPRegen 0.09/turn               (no ring)
MPRegen 0.09/turn               (no ring)

@: lethally poisoned (0 -> -2)
A: no striking features
a: Renounce Religion, Depart the Abyss, Bend Space


You were on level 1 of the Dungeon.
You worshipped Lugonu.
Lugonu was pleased with you.
You visited 1 branch of the dungeon, and saw 2 of its levels.

You collected 88 gold pieces.

Inventory:

Hand Weapons
 a - a +2 mace (weapon)
Armour
 b - a +0 pair of gloves (worn)
 d - a +0 robe (worn)
Scrolls
 c - a scroll of silence
 g - a scroll of vulnerability {unknown}
 h - a scroll of immolation {unknown}
 j - 2 scrolls of teleportation {unknown}
 k - a scroll of enchant armour {unknown}
Potions
 i - a potion of berserk rage {unknown}


   Skills:
 + Level 1.8 Fighting
 + Level 3.4 Maces & Flails
 - Level 1.0 Throwing
 - Level 1.0 Dodging
 - Level 1.0 Spellcasting
 + Level 2.5 Air Magic
 - Level 1.0 Evocations


You couldn't memorise any spells.
You knew the following spells:

 Your Spells              Type           Power      Damage    Failure   Level
a - Shock                 Conj/Air       12%        1d3       19%         1
b - Swiftness             Air            6%         N/A       32%         3

Your spell library contained the following spells:

 Spells                   Type           Power      Damage    Failure   Level
 Sublimation of Blood     Necr           0%         N/A       41%         2
 Petrify                  Tmut/Erth      0%         N/A       96%         4
 Irradiate                Conj/Tmut      0%         3d13      100%        5


Dungeon Overview and Level Annotations

Branches:
Dungeon (2/15)

Altars:
Lugonu


Message History

The adder is severely wounded.
You feel sick.
You are no longer poisoned.
The adder bites you. The adder closely misses you. The worm bites you.
* * * LOW HITPOINT WARNING * * *
The adder attacks as you move away! The adder bites you but does no damage.
Aiming: Shock (safe; 16% risk of failure)
Press: ? - help, Q - select action, (/) - cycle Shift-Dir - straight line, f - adder
Aim: an adder (heavily wounded, 43% to hit)
The zap misses the adder.
The zap hits the worm.
The worm is lightly wounded.
The adder closely misses you. The adder bites you but does no damage.
There is a stone staircase leading up here.
The adder closely misses you. The adder bites you.
* * * LOW HITPOINT WARNING * * *
You are lethally poisoned!
The adder poisons you!
You climb upwards.
* * * LOW HITPOINT WARNING * * *
You feel sick.
There is a stone staircase leading down here.
Okay, then.
It was a potion of curing.
You feel better. The adder barely misses you.
You hit the adder.
The adder is almost dead.
The adder bites you.
* * * LOW HITPOINT WARNING * * *
You are poisoned.
The adder poisons you! The adder bites you.
* * * LOW HITPOINT WARNING * * *
You closely miss the adder.
The adder is almost dead.
* * * LOW HITPOINT WARNING * * *
You feel sick. The adder barely misses you.
Unknown command.
It was a potion of degeneration.
There was something very wrong with that liquid.
You feel weakened.
You feel dopey.
You feel clumsy.
You die...

#.##.# #.#..####.............
#.##.# #.#...................
#.##.###.#...##†.............
#####.##.#.......................
......##.#.#.#...##...#...#####..
.###..##.#.#.#...................
.................................
.###..####.#.#...##...........#..
...............S@................
.###.#####.#.#..####.............
.# #.# #.#.#..#


#####.PPPPPPPP .###.# #.#.#..# #.PPPPPP.. .....# #.#.#..########.PPPP..PP .###.#
#.#.............PPP.PPP. .###.## #.#.#..#######..PPP.PP.P ......# #.#.#..#
#..PP.PP.PP .###..####.#.#..#######..PP.P.PP. You could see an adder.

Vanquished Creatures
  A dart slug (D:1)
  4 endoplasms (D:1)
  2 giant cockroaches (D:1)
  5 goblins (D:1)
  2 hobgoblins (D:1)
  4 kobolds (D:1)
  A ball python (D:1)
  3 bats (D:1)
  2 rats (D:1)
24 creatures vanquished.

Vanquished Creatures (others)
  24 plants (D:1)
24 creatures vanquished.

Grand Total: 48 creatures vanquished

Notes
Turn   | Place    | Note
-------+----------+-------------------------------------------
     0 | D:1      | testman the Human Wanderer began the quest for the Orb.
     0 | D:1      | testman set off with the following items: a +2 mace, a +0
                  | pair of gloves, a scroll of silence, a +0 robe; and the
                  | following spell memorised: Shock; and the following spells
                  | available to memorise: Swiftness
     0 | D:1      | Reached XP level 1. HP: 15/15 MP: 2/2
    44 | D:1      | Reached XP level 2. HP: 11/21 MP: 3/3
   233 | D:1      | Found a faded altar of an unknown god.
   238 | D:1      | Prayed at the altar of an unknown god.
   238 | D:1      | Became a worshipper of Lugonu the Unformed
   238 | D:1      | Reached * piety under Lugonu
   238 | D:1      | Reached ** piety under Lugonu
   625 | D:1      | Reached XP level 3. HP: 26/27 MP: 4/4
   639 | D:1      | Learned a level 3 spell: Swiftness
  1335 | D:1      | HP: 1/27 [poisoned by an adder]
  1339 | D:1      | Succumbed to an adder's poison

Illustrated notes

Levels and vault maps discovered:
D:1:      roderic_crop_circles_arrival_small, layout_basic,
          hellmonk_ecumenical_altar_leap_of_faith, feat_on_display
D:2:      layout_basic, basic_altar, minmay_misc_feat_nine_boxes

Action                   || total
-------------------------++-------
Melee: Mace              ||    61
 Cast: Shock             ||     2
  Use: Potion            ||     2
 Stab: Sleeping          ||     1
Armor: Robe              ||    20
Dodge: Dodged            ||    41

Table legend: (Time is in decaauts)
 A = Elapsed time spent in this place.
 B = Non-inter-level travel time spent in this place.
 C = Inter-level travel time spent in this place.
 D = Time resting spent in this place.
 E = Time spent auto-exploring this place.
 F = Levels seen in this place.
 G = Mean time per level.
                   A        B        C        D        E       F      G
               +--------+--------+--------+--------+--------+-----+--------+
         Total |   1354 |   1333 |     21 |    133 |   1005 |   2 |  677.0 |
       Dungeon |   1354 |   1333 |     21 |    133 |   1005 |   2 |  677.0 |
               +--------+--------+--------+--------+--------+-----+--------+

Top non-repeatable levels by time:
     D:1: 1337 daAuts
     D:2: 16 daAuts
